 Dungeon Crawl Stone Soup version 0.26-a0-649-gf8c6c3aab7 (webtiles) character file.

Game seed: 9859842094690443166

21769 jasper the Grappler (level 12, -2/129 HPs)
             Began as a Troll Delver on Sept 26, 2020.
             Was an Elder of Ashenzari.
             Slain by an ice beast (7 damage)
             ... on level 2 of the Lair of Beasts.
             The game lasted 00:24:05 (13418 turns).

jasper the Grappler (Troll Delver)                 Turns: 13418, Time: 00:24:07

Health: -2/129     AC:  8    Str: 23    XL:     12   Next: 57%
Magic:  20/20      EV: 14    Int:  9    God:    Ashenzari [****..]
Gold:   694        SH:  0    Dex: 16    Spells: 2/11 levels left

rFire    + + .     SeeInvis +     - Unarmed
rCold    + . .     Faith    .   (no shield)
rNeg     . . .     Spirit   .   l - +2 robe {rC+ rF+}
rPois    .         Reflect  .   (helmet restricted)
rElec    .         Harm     .   (no cloak)
rCorr    .         Rampage  .   (gloves unavailable)
MR       +....     Clarity  +   (boots unavailable)
Stlth    ++........             P - amulet of regeneration (curse)
HPRegen  1.11/turn              h - ring of protection from magic (curse)
MPRegen  0.17/turn              K - ring "Cittoq" {rF+ MP+9 Int+2} (curse)

@: slowed, very slow
A: large, unfitting armour, claws 3, agile 1, regeneration 1, robust 1, shaggy
fur 1, tough skin 3, MP-powered wands
a: Curse Item, Scrying, Renounce Religion


You were on level 2 of the Lair of Beasts.
You worshipped Ashenzari.
Ashenzari was greatly pleased with you.
You visited 3 branches of the dungeon, and saw 15 of its levels.
You also visited: Bailey.

You collected 1539 gold pieces.
You spent 845 gold pieces at shops.

Inventory:

Hand Weapons
 i - a +0 morningstar
 I - a +0 arbalest
Missiles
 y - 10 boomerangs (quivered)
 D - 2 throwing nets
 J - 313 bolts
Armour
 a - a +0 robe
 l - a +2 robe of resistance (worn)
Jewellery
 h - a cursed ring of protection from magic (left claw)
 x - an uncursed ring of magical power
 K - the cursed ring "Cittoq" (right claw) {rF+ MP+9 Int+2}
   (You bought it in a shop on level 9 of the Dungeon)

   [ring of magical power]

   It affects your intelligence (+2).
   It protects you from fire.
   It affects your magic capacity (+9).
   It has a curse placed upon it.
 N - an uncursed ring of see invisible
 P - a cursed amulet of regeneration (around neck)
 T - an uncursed ring of wizardry
Wands
 f - a wand of digging (8)
 F - a wand of random effects (37)
 L - a wand of paralysis (4)
 M - a wand of polymorph (23)
 R - a wand of acid (2)
 U - a wand of flame (38)
 V - a wand of enslavement (2)
Scrolls
 b - 6 scrolls of fog
 c - 3 scrolls of magic mapping
 d - 3 scrolls of fear
 g - 9 scrolls of teleportation
 j - 5 scrolls of enchant armour
 m - 3 scrolls of enchant weapon
 o - a scroll of amnesia
 q - 4 scrolls of remove curse
 E - a scroll of blinking
 G - 2 scrolls of vulnerability
 H - 2 scrolls of random uselessness
 O - a scroll of immolation
 Q - 2 scrolls of noise {unknown}
 W - 2 scrolls of identify
Potions
 e - 6 potions of flight
 k - a potion of invisibility
 n - 2 potions of degeneration
 p - 4 potions of curing
 r - 5 potions of heal wounds
 s - 2 potions of stabbing
 t - 2 potions of magic
 u - 3 potions of brilliance
 v - 2 potions of cancellation
 z - a potion of berserk rage
 A - a potion of ambrosia
 B - a potion of lignification
 C - 3 potions of might
 S - 2 potions of haste
Miscellaneous
 w - a tin of tremorstones (1/3)
 X - a lightning rod (4/4)


   Skills:
 + Level 7.4 Fighting
 + Level 7.1 Dodging
 - Level 2.7 Stealth
 * Level 11.7 Unarmed Combat
 - Level 3.7(6.9) Conjurations
 - Level 3.0(6.0) Hexes
 - Level 2.5(5.3) Necromancy
 - Level 3.4(6.5) Translocations
 - Level 3.4(6.5) Air Magic
 - Level 3.7(6.9) Poison Magic
 + Level 4.8(8.2) Evocations


You had 2 spell levels left.
You knew the following spells:

 Your Spells              Type           Power        Failure   Level
a - Blink                 Tloc           N/A          4%          2
b - Mephitic Cloud        Conj/Pois/Air  ##......     8%          3
c - Animate Skeleton      Necr           #.....       4%          1
d - Apportation           Tloc           ##....       2%          1
e - Slow                  Hex            ##......     5%          2

Your spell library contained the following spells:

 Spells                   Type           Power        Failure   Level
 Magic Dart               Conj           ##..         2%          1
 Corona                   Hex            ##.....      3%          1
 Foxfire                  Conj/Fire      #...         9%          1
 Summon Small Mammal      Summ           #...         32%         1
 Call Imp                 Summ           #.......     45%         2
 Conjure Flame            Conj/Fire      #.......     26%         3
 Inner Flame              Hex/Fire       #.......     32%         3
 Sticky Flame             Conj/Fire      #.......     65%         4
 Fireball                 Conj/Fire      #.........   94%         5


Dungeon Overview and Level Annotations

Branches:
Dungeon (12/15)            Temple (1/1) D:5            Lair (2/6) D:10
    Orc (0/2) D:10         Bailey (visited)
  Swamp: Lair:2-4    Shoals: Lair:2-4     Snake: Lair:2-4    Spider: Lair:2-4

Altars:
Ashenzari
Cheibriados
Dithmenos
Elyvilon
Fedhas
Gozag
Hepliaklqana
Kikubaaqudgha
Makhleb
Nemelex Xobeh
Okawaru
Qazlal
Ru
Sif Muna
Trog
Uskayaw
Vehumet
Wu Jian
Xom
Yredelemnul
Zin
The Shining One
Beogh

Shops:
D:7 ?   D:9 =*(*   D:11 (

Annotations:
D:8 1 runed translucent door, Psyclone's ghost, novice OpCj
D:10 exclusion: oklob plant


Innate Abilities, Weirdness & Mutations

You are too large for most types of armour.
You have claws for hands.
Your natural rate of healing is unusually fast.
You are covered in fur. (AC +1)
You have extremely tough skin. (AC +3)
You are agile. (Dex +2)
You are robust. (+10% HP)
You expend magic power (3 MP) to strengthen your wands.


Message History

The freezing wraith freezes you! You resist.
* * * LOW HITPOINT WARNING * * *
The freezing wraith hits you.
* * * LOW HITPOINT WARNING * * *
The freezing wraith drains your vigour!
You feel as though you will be slow longer.
The ice beast closely misses you.
The white imp grinds its teeth.
The freezing wraith hits you!
* * * LOW HITPOINT WARNING * * *
The freezing wraith freezes you! You resist.
* * * LOW HITPOINT WARNING * * *
The freezing wraith closely misses you. The white imp gestures at you.
The puff of frost hits you but does no damage.
An ice beast comes into view.
The ice beast hits you.
* * * LOW HITPOINT WARNING * * *
The ice beast freezes you! You resist.
You die...

#..#...#..................#.....
,#..#^..#.#...#.#...#..#...#.....
...##...#............#...#.#.....
... ....P.P.....#...##.....#.....
...,..........P..................
... ....P.....#....†##.#.#.......
... *.P.....#...#....#.#.#.......
..., .......#.#.#.##.#.........
... ,.....#..W@.P.##.#......... ,
, , ........Y#....#,#.........
,,, ...≈.≈.⌠.#...#............ ,,
,...≈≈≈5..#.P.............. ≈ ,
≈≈≈.≈≈.≈........#......... ≈ ≈≈
≈≈≈≈.≈........#.P ....... ≈
≈≈≈≈≈≈...≈≈.....#..., ,P..... ≈
≈≈≈≈.Y..........* ,, ..... ≈≈ ≈
≈≈≈≈.≈≈......#. , ,


You could see a freezing wraith, 2 ice beasts and a white imp.

Vanquished Creatures
  Gastronok (Lair:1)
  A hydra (Lair:1)
  Nergalle (D:11)
  Pikel (D:5)
  2 ugly things
  A manticore (D:12)
  2 cyclopes (D:11)
  A centaur zombie (D:12)
  Joseph (D:8)
  2 black mambas (Lair:2)
  A cane toad (Lair:2)
  A gargoyle (D:12)
  A rime drake (Lair:2)
  2 komodo dragons
  A hornet (D:9)
  A troll (D:12)
  3 polar bears
  3 hippogriffs
  4 blink frogs (Lair:1)
  Sigmund (D:6)
  A shadow (D:12)
  A wraith (D:10)
  A basilisk (Lair:1)
  19 yaks
  A vampire mosquito (D:5)
  Menkaure (D:7)
  Edmund (D:6)
  6 water moccasins
  Duvessa (D:6)
  A black bear (D:8)
  4 porcupines
  8 ice beasts
  4 sky beasts
  14 orc warriors
  3 phantoms
  A wolf (D:8)
  7 ogres
  3 crocodiles
  4 centaurs
  2 big kobolds
  7 bullfrogs
  A gnoll sergeant (D:8)
  Dowan (D:6)
  A scorpion (D:6)
  The ghost of TerrariaFan the Sneak, a weakling TrDe (D:5)
  9 killer bees
  8 wights
  4 electric eels
  A quasit (D:5)
  5 hounds
  4 orc priests
  3 bullfrog skeletons
  A centaur skeleton (D:9)
  A wyvern simulacrum (D:8)
  A jelly (D:11)
  5 orc wizards
  2 iguanas
  6 worker ants
  A hound skeleton (D:9)
  A worker ant zombie (D:11)
  8 gnolls
  17 adders
  4 white imps
  3 ufetubi
  3 adder skeletons
  A worm (D:4)
  A dart slug (D:1)
  6 leopard geckos
  50 orcs
  4 giant cockroaches
  11 goblins
  6 hobgoblins
  3 quokkas
  7 bats
  7 frilled lizards
  7 kobolds
  A leopard gecko skeleton (D:6)
  3 quokka skeletons
  3 rats
322 creatures vanquished.

Vanquished Creatures (others)
  A white imp (D:8)
  3 kobolds (D:10)
  4 fungi
  10 plants
18 creatures vanquished.

Grand Total: 340 creatures vanquished

Notes
Turn   | Place    | Note
-------+----------+-------------------------------------------
     0 | D:5      | jasper the Troll Delver began the quest for the Orb.
     0 | D:5      | Reached XP level 1. HP: 22/22 MP: 0/0
   117 | D:4      | Noticed a big kobold
   136 | D:4      | Killed a big kobold
   136 | D:4      | Reached skill level 3 in Unarmed Combat
   136 | D:4      | Reached XP level 2. HP: 14/29 MP: 1/1
   136 | D:4      | Reached XP level 3. HP: 18/36 MP: 2/2
   136 | D:4      | Reached XP level 4. HP: 22/44 MP: 3/3
   156 | D:4      | Noticed a phantom
   254 | D:5      | Noticed Pikel
   254 | D:5      | Noticed a lemure
   256 | D:5      | Noticed a lemure
   256 | D:5      | Noticed a lemure
   257 | D:5      | Noticed a lemure
   289 | D:5      | Killed Pikel
   289 | D:5      | Reached skill level 5 in Unarmed Combat
   289 | D:5      | Reached XP level 5. HP: 19/54 MP: 4/4
   289 | D:5      | Reached XP level 6. HP: 22/62 MP: 5/5
   289 | D:5      | Reached XP level 7. HP: 24/68 MP: 6/6
   506 | D:4      | Reached skill level 6 in Unarmed Combat
  2467 | D:5      | Found a hazy altar of Hepliaklqana.
  2473 | D:5      | Reached XP level 8. HP: 73/79 MP: 7/7
  2605 | D:5      | Found a staircase to the Ecumenical Temple.
  2629 | Temple   | Entered the Ecumenical Temple
  2738 | Temple   | Became a worshipper of Ashenzari the Shackled
  2849 | D:5      | Found a runed translucent gate.
  2850 | D:5      | Found a runed translucent gate.
  2851 | D:5      | Found a runed translucent gate.
  2852 | D:5      | Found an opulent altar of Gozag.
  2853 | D:5      | Noticed TerrariaFan's ghost (weakling TrDe)
  2917 | D:5      | Reached skill level 7 in Unarmed Combat
  3169 | D:6      | Noticed Duvessa
  3169 | D:6      | Noticed Dowan
  3175 | D:6      | Gained mutation: You are agile. (Dex +2) [potion of
                  | mutation]
  3175 | D:6      | Gained mutation: You expend magic power (3 MP) to
                  | strengthen your wands. [potion of mutation]
  3175 | D:6      | Gained mutation: You are robust. (+10% HP) [potion of
                  | mutation]
  3181 | D:6      | Killed Duvessa
  3181 | D:6      | Reached skill level 5 in Fighting
  3188 | D:6      | Killed Dowan
  3286 | D:6      | Reached skill level 8 in Unarmed Combat
  3434 | D:6      | Found a hide-covered altar of Uskayaw.
  3592 | D:6      | Noticed Sigmund
  3600 | D:6      | Noticed Edmund
  3617 | D:6      | Killed Edmund
  3617 | D:6      | Reached skill level 5 in Dodging
  3620 | D:6      | Killed Sigmund
  3620 | D:6      | Reached XP level 9. HP: 49/96 MP: 8/8
  4033 | D:7      | Noticed Menkaure
  4039 | D:7      | Killed Menkaure
  4039 | D:7      | Reached skill level 9 in Unarmed Combat
  4305 | D:7      | Learned a level 2 spell: Blink
  4309 | D:7      | Learned a level 3 spell: Mephitic Cloud
  4592 | D:7      | Found Atuel's Magic Scroll Shoppe.
  4595 | D:7      | Bought a scroll of identify for 22 gold pieces
  4595 | D:7      | Bought a scroll of enchant armour for 82 gold pieces
  4595 | D:7      | Bought a scroll of vulnerability for 82 gold pieces
  4595 | D:7      | Bought a scroll of enchant weapon for 82 gold pieces
  4844 | D:8      | Noticed Joseph
  5025 | D:8      | Killed Joseph
  5025 | D:8      | Reached skill level 10 in Unarmed Combat
  5180 | D:8      | Reached * piety under Ashenzari
  5250 | D:8      | Reached XP level 10. HP: 73/110 MP: 9/9
  5932 | D:9      | Found Dicekud's Assorted Antiques.
  5932 | D:9      | Found Qacyatz's Weapon Shoppe.
  5933 | D:9      | Found Temuwouh's General Store.
  5933 | D:9      | Found Gowegh's Jewellery Shoppe.
  6467 | D:10     | Entered Level 10 of the Dungeon
  6506 | D:10     | Found a staircase to the Lair.
  6506 | D:10     | Noticed an oklob plant
  6556 | D:10     | Reached skill level 11 in Unarmed Combat
  6590 | D:10     | Found a flagged portal.
  6596 | D:10     | Reached ** piety under Ashenzari
  6602 | Bailey   | Entered a bailey
  7032 | Bailey   | Noticed an orc knight
  8290 | D:9      | Identified a scroll of acquirement
  8290 | D:9      | Acquired 575 gold pieces
  8408 | D:9      | Bought the ring "Cittoq" {rF+ MP+9 Int+2} for 382 gold
                  | pieces
  8414 | D:9      | Bought a scroll of teleportation for 45 gold pieces
  8414 | D:9      | Bought a potion of might for 60 gold pieces
  8414 | D:9      | Bought a scroll of remove curse for 45 gold pieces
  8414 | D:9      | Bought a potion of curing for 45 gold pieces
  8744 | D:8      | Found a runed translucent door.
  8746 | D:8      | Noticed Psyclone's ghost (novice OpCj)
  8747 | D:8      | Identified the +8 trident "Banisher" {pain, +Rage Int+3}
  9047 | D:5      | Reached skill level 1 in Conjurations
  9047 | D:5      | Reached skill level 1 in Translocations
  9047 | D:5      | Reached skill level 1 in Poison Magic
  9047 | D:5      | Reached skill level 1 in Evocations
  9290 | D:5      | Reached skill level 1 in Air Magic
  9300 | D:5      | Killed TerrariaFan's ghost
  9677 | D:11     | Noticed a cyclops
  9686 | D:11     | Killed a cyclops
  9686 | D:11     | Reached XP level 11. HP: 92/119 MP: 10/10
  9925 | D:11     | Found Qiopsum's Antique Weapon Shoppe.
 10053 | D:11     | Noticed a red ugly thing
 10068 | D:11     | Killed a red ugly thing
 10078 | D:11     | Noticed Nergalle
 10084 | D:11     | Noticed a spectral orc warlord
 10088 | D:11     | Killed Nergalle
 10192 | D:11     | Reached *** piety under Ashenzari
 11126 | D:12     | Noticed a red ugly thing
 11137 | D:12     | Killed a red ugly thing
 11314 | D:10     | Found a staircase to the Orcish Mines.
 11402 | D:10     | Found a roughly hewn altar of Beogh.
 11437 | D:10     | Learned a level 1 spell: Animate Skeleton
 11439 | D:10     | Learned a level 1 spell: Apportation
 11442 | D:10     | Learned a level 2 spell: Slow
 11724 | Lair:1   | Entered Level 1 of the Lair of Beasts
 12135 | Lair:1   | Noticed Gastronok
 12170 | Lair:1   | Killed Gastronok
 12170 | Lair:1   | Reached skill level 1 in Necromancy
 12170 | Lair:1   | Reached XP level 12. HP: 129/129 MP: 2/11
 12341 | Lair:1   | Noticed an eight-headed hydra
 12353 | Lair:1   | Reached skill level 1 in Hexes
 12353 | Lair:1   | Killed a nine-headed hydra
 12653 | Lair:1   | Reached **** piety under Ashenzari
 13417 | Lair:2   | HP: 4/129 [freezing wraith (10)]
 13418 | Lair:2   | Slain by an ice beast

Illustrated notes

Levels and vault maps discovered:
D:1:      grunt_arrival_crossed_arrows, layout_rooms
D:2:      layout_loops_corners, serial_glass, glass_columns_b, glass_columns_a,
          glass_columns_a, glass_columns_b, glass_columns_a, glass_columns_c,
          glass_columns_c, glass_columns_a
D:3:      layout_rooms
D:4:      layout_basic
D:5:      layout_basic, minmay_temple_entry_stoned_glass, ebering_ghost_gozag,
          lemuel_altar_in_water, uniq_pikel
D:6:      layout_gridville, lemuel_round_altar, sigmund_edmund_badplayer,
          uniq_duvessa
D:7:      layout_basic, serial_shops, kennysheep_mini_moat, uniq_menkaure
D:8:      layout_rooms, ebering_ghost_funeral_grove, serial_ice, serial_ice_j,
          serial_ice_m, serial_ice_g, serial_ice_d, uniq_joseph
D:9:      layout_roguey, minmay_misc_feat_encased, minmay_shop_grid_forest
D:10:     layout_basic, dpeg_oklobed_lair, minmay_orc_entry_temple_small,
          enter_bailey_6, chequers_jeans
D:11:     layout_irregular_city, serial_shops, shop, st_stairs_4,
          grunt_decor_fettered, uniq_nergalle
D:12:     layout_stronghold, ebering_ghost_disaster_area
Temple:   kilobyte_greek_temple
Lair:1:   layout_chaotic_city, columned_hall_lemuel, serial_bayou_shore_b,
          grunt_megastairs_4, uniq_gastronok
Lair:2:   layout_long_grid, minmay_shoals_entry_beasts, ice2_lemuel,
          lemuel_fruit_tree

Skill      XL: |  1  2  3  4  5  6  7  8  9 10 11 12 |
---------------+-------------------------------------+-----
Dodging        | 2 3 4 5 6 7 |  7.1
Unarmed Combat | 3 5 6 8 10 11 | 11.7
Fighting       | 3 4 5 6 7 |  7.4
Conjurations   | 1 3 |  3.7
Translocations | 1 3 |  3.4
Poison Magic   | 1 3 |  3.7
Evocations     | 1 3 4 |  4.8
Air Magic      | 1 3 |  3.4
Necromancy     | 1 2 |  2.5
Hexes          | 3 |  3.0
Stealth        | |  2.7

Action                   |  1- 3 |  4- 6 |  7- 9 | 10-12 || total
-------------------------+-------+-------+-------+-------++-------
Melee: Unarmed           |    13 |    36 |   382 |   538 ||   969
       Punch             |       |       |    18 |    33 ||    51
 Fire: Arbalest          |       |       |       |    64 ||    64
Throw: Boomerang         |       |       |    13 |     4 ||    17
 Cast: Mephitic Cloud    |       |       |       |     1 ||     1
Invok: Curse Item        |       |       |     1 |     2 ||     3
Evoke: Wand              |       |       |     8 |    23 ||    31
       Tin of tremorston |       |       |       |     4 ||     4
  Use: Potion            |       |     4 |     2 |       ||     6
       Scroll            |       |       |     8 |     8 ||    16
 Stab: Sleeping          |       |       |     7 |    18 ||    25
       Paralysed         |       |       |       |     4 ||     4
Armor: Robe              |     3 |     4 |   109 |   111 ||   227
       Skin              |       |     1 |    16 |       ||    17
Dodge: Dodged            |     5 |     5 |   222 |   352 ||   584

Table legend: (Time is in decaauts)
 A = Elapsed time spent in this place.
 B = Non-inter-level travel time spent in this place.
 C = Inter-level travel time spent in this place.
 D = Time resting spent in this place.
 E = Time spent auto-exploring this place.
 F = Levels seen in this place.
 G = Mean time per level.
                   A        B        C        D        E       F      G
               +--------+--------+--------+--------+--------+-----+--------+
         Total |  13436 |  12780 |    656 |   2169 |   7982 |  16 |  839.8 |
       Dungeon |   9670 |   9068 |    602 |    973 |   6228 |  12 |  805.8 |
        Temple |    285 |    244 |     41 |    117 |     91 |   1 |  285.0 |
          Lair |   1669 |   1656 |     13 |     79 |   1288 |   2 |  834.5 |
        Bailey |   1811 |   1811 |      0 |   1000 |    374 |   1 | 1811.0 |
               +--------+--------+--------+--------+--------+-----+--------+

Top non-repeatable levels by time:
  Bailey: 1811 daAuts
     D:7: 1448 daAuts
  Lair:1: 1256 daAuts
    D:11: 1035 daAuts
     D:8: 1009 daAuts
     D:5: 985 daAuts
     D:6: 924 daAuts
     D:9: 793 daAuts
    D:10: 772 daAuts
     D:4: 750 daAuts
     D:2: 687 daAuts
    D:12: 555 daAuts
  Lair:2: 412 daAuts
     D:3: 370 daAuts
     D:1: 337 daAuts
